 Dungeon Crawl Stone Soup version 0.29.0-4-gdea44cf6ec (webtiles) character file.

Game seed: 3251770083149446422

36 qw the Chopper (level 3, -5/23 HPs)
             Began as a Gargoyle Fighter on Sept 4, 2022.
             Slain by Sigmund
             ... wielding a +0 scythe
              (9 damage)
             ... on level 2 of the Dungeon.
             The game lasted 00:00:35 (1469 turns).

qw the Chopper (Gargoyle Fighter)                   Turns: 1469, Time: 00:00:36

Health: -5/23      AC: 10    Str: 21    XL:     3   Next: 37%
Magic:  3/3        EV:  9    Int:  8    God:
Gold:   58         SH:  4    Dex:  9    Spells: 2/2 levels left

rFire   . . .      SeeInvis .   Y - +0 war axe
rCold   . . .      Faith    .   c - +0 buckler
rNeg    + . .      Spirit   .   b - +0 scale mail
rPois   inf        Reflect  .   (no helmet)
rElec   +          Harm     .   (no cloak)
rCorr   .          Rampage  .   (no gloves)
Will    .....                   (no boots)
Stlth   ..........              (no amulet)
HPRegen 0.07/turn               (no ring)
MPRegen 0.08/turn               (no ring)

@: no status effects
A: sickness immunity, AC +3, negative energy resistance 1, electricity
resistance, torment resistance 1, petrification resistance
a: no special abilities


You were on level 2 of the Dungeon.
You visited 1 branch of the dungeon, and saw 2 of its levels.

You collected 58 gold pieces.


Innate Abilities, Weirdness & Mutations

You are immune to sickness and miasma.
Your stone body is resilient. (AC +3)
You are immune to poison.
You resist negative energy. (rN+)
You are resistant to electric shocks. (rElec)
You are resistant to unholy torment.
You are immune to petrification.


   Skills:
 - Level 3.2 Fighting
 + Level 3.3 Axes
 - Level 3.2 Armour
 - Level 3.2 Shields


You had 2 spell levels left.
You didn't know any spells.
Your spell library was empty.

Inventory:

Hand Weapons
 g - a -1 hand axe of flaming
 Y - a +0 war axe (weapon)
Armour
 b - a +0 scale mail (worn)
 c - a +0 buckler (worn)
Scrolls
 a - a scroll of noise {unknown}
 f - a scroll of identify
Potions
 d - a potion of might
 e - a potion of mutation {unknown}
 h - a potion of heal wounds {unknown}

Dungeon Overview and Level Annotations

Branches:
Dungeon (2/15)

Altars:

Annotations:
D:2 Sigmund


Message History

e - a white potion Sigmund the Dreaded comes into view.
He is wielding a +0 scythe.
Sigmund shouts!
An endoplasm comes into view.
Sigmund casts a spell at you.
You are confused.
Sigmund hits you but does no damage.
The endoplasm quivers.
Sigmund hits you from afar with a +0 scythe.
A bat comes into view.
Sigmund hits you but does no damage.
The endoplasm hits you but does no damage.
You closely miss the endoplasm. The endoplasm freezes you.
You are frozen.
Sigmund casts a spell at you.
The magic dart hits you but does no damage.
The endoplasm hits you but does no damage.
You hit the endoplasm.
The endoplasm is moderately wounded.
Sigmund hits you from afar with a +0 scythe.
The endoplasm hits you but does no damage.
You bump into the rock wall.
You feel less confused.
Sigmund hits you from afar with a +0 scythe.
You block the endoplasm's attack.
You hit the endoplasm but do no damage.
The endoplasm is moderately wounded.
The endoplasm freezes you.
You are frozen.
Sigmund barely misses you.
You slash the endoplasm!
You kill the endoplasm!
The bat hits you but does no damage. Sigmund closely misses you.
The bat hits you but does no damage.
You slash Sigmund!
Sigmund is moderately wounded.
You hit the bat.
You kill the bat!
Sigmund hits you with a +0 scythe!
You die...

...... . #....#.# ##....#.#
.......## ....... ..... # #.#.#
### #.##%#.# #####.## #.@@...#
<......## ####.### ###.##..##
##.## .# ##.###.#.## #...# .
#.###..##.# #...# .#.#
##.##.##.## #...# ###...###
###.....## #...# #.. ....
...#...#########...######.# #..#
.#.......##.............#.###..#


You could see Sigmund.

Vanquished Creatures
  2 dart slugs (D:1)
  7 ball pythons
  3 bats
  7 endoplasms
  A giant cockroach (D:1)
  2 goblins (D:1)
  A quokka (D:1)
  2 frilled lizards (D:1)
  2 kobolds (D:1)
  5 rats
32 creatures vanquished.

Notes
Turn   | Place    | Note
-------+----------+-------------------------------------------
     0 | D:1      | qw the Gargoyle Fighter began the quest for the Orb.
     0 | D:1      | Reached XP level 1. HP: 14/14 MP: 1/1
     0 | D:1      | 0 ||| qw: Version: 0.1-a-103-gd6f5d3a
     0 | D:1      | 0 ||| qw: Game counter: 5382
     0 | D:1      | 0 ||| qw: Always use a shield: true
     0 | D:1      | 0 ||| qw: God list: Ru
     0 | D:1      | 0 ||| qw: Allow faded altars: false
     0 | D:1      | 0 ||| qw: Do Orc after D:15 true
     0 | D:1      | 0 ||| qw: Do second Lair branch before Depths: true
     0 | D:1      | 0 ||| qw: Lair rune preference: random
     0 | D:1      | 0 ||| qw: Plans: Normal
     0 | D:1      | 0 ||| PLANNING D:1-11
   293 | D:1      | Found a faded altar of an unknown god.
   307 | D:1      | 307 ||| DROPPING +0 whip.
   327 | D:1      | Reached XP level 2. HP: 19/19 MP: 2/2
   487 | D:1      | 487 ||| Stepping ~*~*~tactically~*~*~ (hiding).
   506 | D:1      | You fall into a shaft and drop 1 floor!
   514 | D:2      | 514 ||| READING scroll labelled AJIFIPS SINUPN.
   515 | D:2      | 515 ||| READING scroll labelled ELYFUW NOESAOLEU.
   597 | D:1      | Reached skill level 3 in Axes
   725 | D:1      | Reached XP level 3. HP: 23/23 MP: 3/3
  1239 | D:1      | 1239 ||| READING 2 scrolls labelled YMETEC CIHYSAST.
  1240 | D:1      | 1240 ||| READING 2 scrolls labelled VUT PIEBUMN.
  1241 | D:1      | 1241 ||| DROPPING scroll of immolation.
  1242 | D:1      | 1242 ||| DROPPING scroll of amnesia.
  1373 | D:2      | 1373 ||| DROPPING +2 hand axe of draining.
  1457 | D:2      | Noticed Sigmund
  1466 | D:2      | HP: 4/23 [frozen (3)]
  1469 | D:2      | Slain by Sigmund

Levels and vault maps discovered:
D:1:      tarquinn_simple_flora_water_f, layout_loops_ring,
          ebering_ecumenical_altar_rust, serial_forest,
          infiniplex_forest_straight_2, infiniplex_forest_straight_2,
          infiniplex_forest_lined_corner, infiniplex_forest_straight_1
D:2:      layout_loops_cross, uniq_terence, uniq_crazy_yiuf_cottage,
          uniq_sigmund

Skill      XL: |  1  2 |
---------------+-------+-----
Axes           | 2 3 |  3.3
Fighting       | |  3.2
Armour         | |  3.2
Shields        | |  3.2

Action                   || total
-------------------------++-------
Melee: War axe           ||    86
  Use: Scroll            ||     4
Armor: Scale mail        ||    46
Dodge: Dodged            ||    37
Block: Buckler           ||    18

Table legend:
 A = Non-vault XP
 B = Vault XP
 C = Vault XP percentage of total XP
 D = Non-vault monster count
 E = Vault monster count
 F = Vault count percentage of total count
                 A         B        C        D         E       F
            +---------+---------+-------+---------+---------+-------
      Total |      53 |       0 |   0.0 |      32 |       0 |   0.0
            +---------+---------+-------+---------+---------+-------
        D:1 |      45 |       0 |   0.0 |      27 |       0 |   0.0
        D:2 |       8 |       0 |   0.0 |       5 |       0 |   0.0
            +---------+---------+-------+---------+---------+-------
